 Seeded DCSS version 0.30.1-9-gdf580d7c3d (webtiles) character file.

Game seed: 7229806256980976716 (custom seed)

46519 Psyclone the Unseen (level 14, -3/94 HPs)
             Began as an Octopode Venom Mage on Sept 29, 2023.
             Was an Initiate of Gozag.
             Slain by a seven-headed hydra (16 damage)
             ... on level 2 of the Lair of Beasts on Sept 30, 2023.
             The game lasted 00:50:52 (15757 turns).

Psyclone the Unseen (Octopode Venom Mage)          Turns: 15757, Time: 00:50:52

Health: -3/94      AC:  4    Str:  8    XL:     14   Next: 37%
Magic:  19/37      EV: 14    Int: 32    God:    Gozag
Gold:   1196       SH:  0    Dex:  8    Spells: 8/33 levels left

rFire   . . .        a - +12 pair of quick blades "Gyre" and "Gimble" {protect}
rCold   + + .        (shield currently unavailable)
rNeg    . . .        Q - +3 crown of Dyrovepreva {rElec Int+2 SInv}
rPois   +            (no amulet)
rElec   +            e - ring of the Mage {Wiz Archmagi}
rCorr   .            f - ring "Yjoxom" {Contam rPois rC++ MP+9 Int+8 Dex-4}
SInv    +            (no ring)
Will    +....        (no ring)
Stlth   ++++++       (no ring)
HPRegen 0.35/turn    (no ring)
MPRegen 0.25/turn    (no ring)
                     (no ring)

%: wizardry (x1), archmagi
@: gold aura, slowed, very slow
A: almost no armour, amphibious, 8 rings, camouflage 1, gelatinous body 1,
(nimble swimmer 1), tentacles
a: Renounce Religion, Potion Petition, Call Merchant, Bribe Branch


You were on level 2 of the Lair of Beasts.
You worshipped Gozag.
Gozag was most pleased with you.
You visited 3 branches of the dungeon, and saw 16 of its levels.
You also visited: Ossuary and Bailey.

You collected 4223 gold pieces.
You spent 1248 gold pieces at shops.
You paid 1779 gold pieces to Gozag.

Inventory:

Hand Weapons
 a - the +12 pair of quick blades "Gyre" and "Gimble" (weapon) {protect}
   (You acquired it on level 1 of the Dungeon)
 L - a +5 executioner's axe
Missiles
 k - 2 throwing nets {!f}
Armour
 Q - the +3 crown of Dyrovepreva (worn) {rElec Int+2 SInv}
   (You bought it in a shop on level 2 of the Orcish Mines)

   Int:       It affects your intelligence (+2).
   rElec:     It insulates you from electricity.
   SInv:      It lets you see invisible.
Jewellery
 e - the ring of the Mage (left tentacle) {Wiz Archmagi}
   (You acquired it on level 1 of the Dungeon)

   [ring of wizardry]

   It improves your spell success rate.
   Archmagi:  It increases the power of your magical spells.
 f - the ring "Yjoxom" (right tentacle) {Contam rPois rC++ MP+9 Int+8 Dex-4}
   (You acquired it on level 1 of the Dungeon)

   [ring of magical power]

   Int:       It affects your intelligence (+8).
   Dex:       It affects your dexterity (-4).
   rC:        It greatly protects you from cold.
   rPois:     It protects you from poison.
   MP:        It affects your magic capacity (+9).
   Contam:    It causes magical contamination when unequipped.
 I - a ring of positive energy
 M - a ring of resist corrosion
Wands
 N - a wand of charming (27)
 P - a wand of digging (3)
Scrolls
 b - 5 scrolls of amnesia {unknown}
 d - 4 scrolls of teleportation
 g - 2 scrolls of enchant armour {unknown}
 j - a scroll of blinking
 l - 19 scrolls of identify {unknown}
 p - 4 scrolls of poison {unknown}
 q - 4 scrolls of brand weapon {unknown}
 v - 3 scrolls of silence {unknown}
 x - a scroll of butterflies {unknown}
 y - 3 scrolls of fog {unknown}
 z - 8 scrolls of vulnerability {unknown}
 B - 5 scrolls of magic mapping {unknown}
 F - 2 scrolls of torment {unknown}
 G - 6 scrolls of immolation {unknown}
 H - 3 scrolls of enchant weapon {unknown}
 J - a scroll of fear {unknown}
 O - a scroll of noise {unknown}
Potions
 c - 2 potions of magic
 h - 5 potions of might {unknown}
 i - 5 potions of mutation {unknown}
 m - 2 potions of invisibility {unknown}
 n - 5 potions of brilliance {unknown}
 o - 10 potions of curing {unknown}
 r - 4 potions of lignification {unknown}
 s - 5 potions of attraction {unknown}
 t - 3 potions of cancellation {unknown}
 u - 4 potions of flight {unknown}
 w - a potion of berserk rage {unknown}
 A - 3 potions of ambrosia {unknown}
 C - 2 potions of degeneration {unknown}
 D - 7 potions of heal wounds {unknown}
 E - 2 potions of haste {unknown}
 K - a potion of resistance {unknown}


   Skills:
 - Level 8.0 Fighting
 - Level 8.0 Short Blades
 - Level 8.0 Dodging
 - Level 15.0 Stealth
 - Level 10.0 Spellcasting
 + Level 8.8 Transmutations
 + Level 8.7 Fire Magic
 - Level 10.0 Poison Magic


You had 8 spell levels left.
You knew the following spells:

 Your Spells              Type           Power      Damage    Failure   Level
a - Sting                 Tmut/Pois      100%       1d8       1%          1
b - Confusing Touch       Hex            24%        N/A       3%          3
c - Sticky Flame          Conj/Fire      60%        2d8       1%          4
d - Mephitic Cloud        Conj/Pois/Air  54%        N/A       1%          3
e - Inner Flame           Hex/Fire       60%        N/A       1%          3
f - Passwall              Tmut/Erth      50%        N/A       1%          2
s - Ignite Poison         Fire/Tmut/Pois 84%        N/A       1%          3
v - Poisonous Vapours     Pois/Air       100%       N/A       1%          2
x - Olgreb's Toxic Radia  Pois           88%        N/A       1%          4

Your spell library contained the following spells:

 Spells                   Type           Power      Damage    Failure   Level
 Kiss of Death            Conj/Necr      96%        2d12      1%          1
 Cigotuvi's Dreadful Rot  Necr/Pois/Air  100%       N/A       1%          2
 Ensorcelled Hibernation  Hex/Ice        48%        N/A       1%          2
 Flame Wave               Conj/Fire      60%        2d14      1%          4
 Petrify                  Tmut/Erth      60%        N/A       1%          4
 Swiftness                Air            24%        N/A       3%          3
 Dispel Undead            Necr           24%        3d12      12%         4
 Statue Form              Tmut/Erth      40%        N/A       30%         6
 Freezing Cloud           Conj/Ice/Air   12%        6-21      32%         5
 Metabolic Englaciation   Hex/Ice        12%        N/A       32%         5
 Death Channel            Necr           12%        N/A       86%         6


Dungeon Overview and Level Annotations

Branches:
Dungeon (12/15) Zot: 25462  Temple (0/1) D:4            Lair (2/5) D:11 Zot: 10759
    Orc (2/2) D:12 Zot: 9568     Elf (0/3) Orc:2       Ossuary (visited)
 Bailey (visited)
  Swamp: Lair:2-3    Shoals: Lair:2-3     Snake: Lair:2-3    Spider: Lair:2-3

Altars:
Elyvilon
Gozag
Okawaru
Qazlal
Trog
Zin
The Shining One

Shops:
D:6 :   D:10 :   D:12 ??   Orc:1 *   Orc:2 ***[[[!(?==

Portals:
Trove: D:12 (give 8 potions of haste)


Innate Abilities, Weirdness & Mutations

You cannot wear most types of armour.
You are amphibious.
You can wear up to eight rings at the same time.
Your skin changes colour to match your surroundings (Stealth+).
Your rubbery body absorbs attacks. (AC +1, EV +1)
((You are camouflaged when in or above water. (Stealth+)))
You have tentacles for arms and can constrict up to eight enemies at once.


Message History

The torpor snail is distracted by your dazzling golden aura.
You now have 24/37 mp.
Casting: Ignite Poison (safe; 1% risk of failure)
Confirm with . or Enter, or press ? or * to list all spells.
Aiming: Mephitic Cloud (safe; 1% risk of failure)
Press: ? - help, Shift-Dir - straight line You feel a surge of power!
The ball explodes into a vile cloud!
The stinking cloud engulfs the seven-headed hydra but does no damage.
You hear a bellow! x2; You hear an angry hiss. x2
The seven-headed hydra is distracted by your dazzling golden aura.
A yak comes into view.
You now have 21/37 mp.
A rime drake comes into view.
The seven-headed hydra is no longer distracted by gold.
The torpor snail is no longer distracted by gold.
The torpor snail looks more healthy.
The seven-headed hydra barely misses you.
The seven-headed hydra bites you. The seven-headed hydra bites you! x2
The seven-headed hydra closely misses you.
The seven-headed hydra bites you but does no damage.
The seven-headed hydra misses you.
The rime drake moves out of view.
You take 21 damage, and have 62/94 hp.
MASSIVE DAMAGE!!
Casting: Mephitic Cloud (safe; 1% risk of failure)
Confirm with . or Enter, or press ? or * to list all spells.
You feel a surge of power!
You ignite the poison in your surroundings!
The seven-headed hydra is engulfed in blazing flames.
The seven-headed hydra bites you!
The seven-headed hydra barely misses you.
The seven-headed hydra bites you! The seven-headed hydra misses you.
The seven-headed hydra bites you!
The seven-headed hydra bites you but does no damage.
The seven-headed hydra bites you.
* * * LOW HITPOINT WARNING * * *
The seven-headed hydra is engulfed in blazing flames.
The seven-headed hydra bites you!
* * * LOW HITPOINT WARNING * * *
The seven-headed hydra bites you!
You die...
Your body crumbles into a pile of gold.

....#.# ... $ .....###
##......... .#.....##
##...........
........####P..#........
..............#.....Y...
........................
................§.§.....
.............?..§D§.....
................@§§.....
................$$$.....
...............$$.......
$
....../...............>.
.......P....#..w.......
......####.....$......
...#. ####......... .
#......... ###......


You could see a seven-headed hydra, a torpor snail and a yak.

Vanquished Creatures
  An orc warlord (Bailey)
  Erolcha (D:11)
  An ogre mage (Orc:1)
  A boulder beetle (D:11)
  A centaur warrior (D:12)
  4 two-headed ogres
  Lodul (D:11)
  2 orc knights
  A cyclops (Orc:2)
  An ugly thing (D:12)
  A manticore (D:12)
  Maurice (D:11)
  A black mamba (Lair:1)
  2 gargoyles (D:10)
  4 komodo dragons
  2 trolls
  3 hornets (Orc:1)
  10 slime creatures (D:12)
  4 shadows
  2 vampires
  3 wraiths
  44 yaks
  8 spriggans (D:10)
  5 wyverns
  2 humans (D:12)
  2 basilisks (Lair:1)
  8 vampire mosquitoes
  2 wargs
  2 acid dragons (D:10)
  2 water moccasins (D:8)
  A floating eye (Orc:1)
  54 orc warriors
  3 black bears
  2 ice beasts
  A sky beast (D:6)
  The ghost of kaesle the Trooper, an amateur HOFi of Beogh (D:3)
  2 hornet zombies (Ossuary)
  13 ogres
  9 wolves (Lair:1)
  15 centaurs
  2 kobold brigands
  9 bullfrogs
  3 wyvern zombies
  A gnoll sergeant (D:7)
  6 scorpions
  2 water moccasin zombies (Ossuary)
  7 wights
  12 killer bees
  A howler monkey (D:6)
  5 electric eels (D:6)
  2 centaur zombies (Ossuary)
  3 bullfrog zombies (Ossuary)
  A gnoll bouda (D:6)
  2 jellies
  18 orc priests
  3 hounds
  2 bullfrog skeletons (D:3)
  An iguana (D:6)
  2 sleepcaps
  17 orc wizards
  3 killer bee zombies (Ossuary)
  16 mummies
  2 howler monkey zombies (Ossuary)
  14 gnolls
  A howler monkey skeleton (D:3)
  9 adders
  2 shadow imps
  2 white imps (D:8)
  2 ufetubi
  3 worms
  87 orcs
  4 endoplasms
  6 giant cockroaches
  18 goblins
  15 hobgoblins
  20 jackals
  10 kobolds
  4 quokkas
  6 ball pythons
  5 bats
  A frilled lizard (D:1)
  A goblin zombie (D:4)
  An orc zombie (D:4)
  4 rats
558 creatures vanquished.

Notes
Turn   | Place    | Note
-------+----------+-------------------------------------------
     0 | D:1      | Psyclone the Octopode Venom Mage began the quest for the
                  | Orb.
     0 | D:1      | Reached XP level 1. HP: 11/11 MP: 3/3
    80 | D:1      | Identified 3 scrolls of acquirement
    80 | D:1      | Acquired the ring of the Mage {Wiz Archmagi}
    80 | D:1      | Found the ring of the Mage {Wiz Archmagi}
    86 | D:1      | Acquired the ring "Yjoxom" {Contam rPois rC++ MP+9 Int+8
                  | Dex-4}
   187 | D:1      | Acquired the +12 pair of quick blades "Gyre" and "Gimble"
                  | {protect}
   187 | D:1      | Found the +12 pair of quick blades "Gyre" and "Gimble"
                  | {protect}
   290 | D:1      | Reached skill level 1 in Short Blades
   353 | D:1      | Reached XP level 2. HP: 17/17 MP: 5/5
   626 | D:1      | Reached XP level 3. HP: 21/21 MP: 6/6
  1029 | D:2      | Reached XP level 4. HP: 27/27 MP: 7/7
  1267 | D:2      | Reached XP level 5. HP: 31/31 MP: 8/8
  1639 | D:3      | Found a runed translucent gate.
  1639 | D:3      | Found a runed translucent gate.
  1639 | D:3      | Found a runed translucent gate.
  1672 | D:3      | Noticed kaesle's ghost (amateur HOFi)
  1684 | D:3      | Reached skill level 3 in Stealth
  1694 | D:3      | Killed kaesle's ghost
  1695 | D:3      | Reached skill level 5 in Short Blades
  1695 | D:3      | Reached skill level 4 in Stealth
  1695 | D:3      | Reached XP level 6. HP: 16/36 MP: 9/9
  1754 | D:3      | Reached skill level 5 in Stealth
  1843 | D:3      | Found a glowing silver altar of Zin.
  2162 | D:3      | Learned a level 2 spell: Poisonous Vapours
  2167 | D:3      | Learned a level 4 spell: Olgreb's Toxic Radiance
  2208 | D:4      | Found a white marble altar of Elyvilon.
  2250 | D:4      | Found a glowing golden altar of the Shining One.
  2430 | D:4      | Reached skill level 6 in Stealth
  2430 | D:4      | Reached XP level 7. HP: 41/41 MP: 10/10
  2543 | D:4      | Found a sand-covered staircase.
  2548 | Ossuary  | Entered an ossuary
  2623 | Ossuary  | Reached skill level 7 in Stealth
  2648 | Ossuary  | Reached XP level 8. HP: 46/46 MP: 11/11
  2656 | Ossuary  | Reached skill level 8 in Stealth
  2734 | Ossuary  | Reached skill level 9 in Stealth
  2909 | D:4      | Found a staircase to the Ecumenical Temple.
  2957 | D:4      | Found a stormy altar of Qazlal.
  3105 | D:5      | Entered Level 5 of the Dungeon
  3152 | D:5      | Reached skill level 10 in Stealth
  3617 | D:6      | Reached skill level 11 in Stealth
  3622 | D:6      | Reached XP level 9. HP: 51/51 MP: 12/12
  3646 | D:6      | Reached skill level 12 in Stealth
  3873 | D:6      | Reached skill level 13 in Stealth
  4107 | D:6      | Reached skill level 14 in Stealth
  4139 | D:6      | Found Xixtot's Book Boutique.
  4601 | D:7      | Reached skill level 15 in Stealth
  4677 | D:7      | Found a flagged portal.
  4695 | Bailey   | Entered a bailey
  4721 | Bailey   | Reached XP level 10. HP: 53/56 MP: 15/15
  4798 | Bailey   | Reached skill level 5 in Spellcasting
  4925 | Bailey   | Noticed an orc warlord
  4927 | Bailey   | Noticed an orc knight
  5135 | Bailey   | Killed an orc knight
  5320 | Bailey   | Killed an orc warlord
  5564 | D:7      | Identified the +8 trident "Idaugra" {freeze, Stlth+}
  6266 | D:8      | Reached XP level 11. HP: 61/61 MP: 20/20
  6351 | D:8      | Reached skill level 1 in Fighting
  7328 | D:9      | Noticed a two-headed ogre
  7344 | D:9      | Killed a two-headed ogre
  7519 | D:9      | Reached skill level 5 in Fighting
  7608 | D:9      | Found a bloodstained altar of Trog.
  7674 | D:9      | Identified the +7 battleaxe of Sustre {heavy, Str+5}
  7875 | D:9      | Reached XP level 12. HP: 80/80 MP: 22/22
  7913 | D:10     | Entered Level 10 of the Dungeon
  7914 | D:10     | Found Ycypaut's Book Shoppe.
  7956 | D:10     | Bought a Trismegistus Codex for 338 gold pieces
  7960 | D:10     | Learned a level 3 spell: Ignite Poison
  7964 | D:10     | Learned a level 3 spell: Mephitic Cloud
  7968 | D:10     | Learned a level 3 spell: Confusing Touch
  8089 | D:10     | Found an opulent altar of Gozag.
  8089 | D:10     | Noticed a two-headed ogre
  8097 | D:10     | Killed a two-headed ogre
  8126 | D:10     | Became a worshipper of Gozag Ym Sagoz the Greedy
  8550 | D:10     | Learned a level 4 spell: Sticky Flame
  8554 | D:10     | Learned a level 3 spell: Inner Flame
  8815 | D:10     | Reached skill level 5 in Transmutations
  8826 | D:10     | Reached skill level 5 in Fire Magic
  8826 | D:10     | Reached XP level 13. HP: 87/88 MP: 24/24
  9387 | D:11     | Noticed Lodul
  9392 | D:11     | Killed Lodul
  9750 | D:11     | Found a staircase to the Lair.
 10000 | D:11     | Learned a level 2 spell: Passwall
 10012 | D:11     | Noticed Maurice
 10033 | D:11     | Killed Maurice
 10042 | D:11     | Noticed Erolcha
 10055 | D:11     | Killed Erolcha
 10724 | D:12     | Found a portal to a secret trove of treasure.
 10840 | D:12     | Found a staircase to the Orcish Mines.
 11228 | D:12     | Found an iron altar of Okawaru.
 11946 | Lair:1   | Entered Level 1 of the Lair of Beasts
 12289 | Lair:1   | HP: 1/88 [komodo dragon (22)]
 12292 | Lair:1   | Reached XP level 14. HP: 2/94 MP: 22/27
 13190 | Orc:1    | Entered Level 1 of the Orcish Mines
 13402 | Orc:2    | Entered Level 2 of the Orcish Mines
 13402 | Orc:2    | Found Cuownes's Magic Scroll Shoppe.
 13406 | Orc:2    | Reached skill level 10 in Poison Magic
 13410 | Orc:2    | Found Voallin's Antique Weapon Boutique.
 13447 | Orc:2    | Found Benloydgh's Jewellery Boutique.
 14247 | Orc:1    | You fall into a shaft and drop 1 floor!
 14458 | Orc:2    | Found Toije's Antique Armour Shoppe.
 14458 | Orc:2    | Found Qacsuasuka's Antique Armour Shop.
 14462 | Orc:2    | Found Ulefeotz's Distillery.
 14464 | Orc:2    | Found Salolel's Antique Armour Boutique.
 14478 | Orc:2    | Bought the +3 crown of Dyrovepreva {rElec Int+2 SInv} for
                  | 910 gold pieces
 14478 | Orc:2    | Found the +3 crown of Dyrovepreva {rElec Int+2 SInv}
 14580 | Orc:2    | Found Eshryuthy's General Store.
 14583 | Orc:2    | Found Tygilis's General Store.
 14591 | Orc:2    | Found Cefigh's Specific Store.
 14823 | Orc:2    | Found Ozaus's Jewellery Shoppe.
 14911 | Orc:2    | Found a staircase to the Elven Halls.
 15467 | Orc:1    | Found Yfont's Overcharged Wands.
 15753 | Lair:2   | Reached skill level 10 in Spellcasting
 15757 | Lair:2   | Slain by a seven-headed hydra

Illustrated notes

Levels and vault maps discovered:
D:1:      spicycebolla_arrival_ecumenical, layout_loops_ring
D:2:      layout_basic
D:3:      layout_rooms, mainiacjoe_overflow_paths, gammafunk_ghost_necromancy
D:4:      layout_rooms, tso_metal_star, mainiacjoe_overflow_catwalk,
          elyvilon_altar_5, minmay_temple_entry_stoned_glass,
          nicolae_ossuary_entry_giza, minmay_misc_feat_square, minivault_4
D:5:      layout_basic
D:6:      kennysheep_six_static_rooms, layout_basic, serial_shops,
          nicolae_shop_stone, serial_bayou_lagoon_b
D:7:      layout_basic, enter_bailey_2
D:8:      minmay_recursive_quarters, layout_layer_cave
D:9:      layout_gridville, trog_book
D:10:     kb_forest_paths, layout_basic,
          nicolae_gozag_cash_rules_everything_around_me, serial_shops, shop,
          minmay_tree_intersection, kennysheep_path_1
D:11:     layout_loops_ring, grunt_lair_entry_orc_guard_hut, uniq_lodul,
          uniq_erolcha, uniq_maurice
D:12:     layout_roguey, erik_orc_3, nicolae_trove_entry_diagonal,
          okawaru_humans
Lair:1:   layout_regular_city, grunt_megastairs_4
Lair:2:   layout_hall_layers, nicolae_swamp_entry_spooky,
          chequers_serial_rivers_large_a, disabler_island
Orc:1:    hellmonk_paralyzer, layout_caves, nicolae_shop_overcharged_wands
Orc:2:    st_orc_rangers, layout_caves, serial_shops, shop, shop,
          nicolae_shop_behind_doors, nicolae_shop_pleasant_corner_grove,
          nicolae_shop_tiny_waterfront, nicolae_specific_store

Skill      XL: |  1  2  3  4  5  6  7  8  9 10 11 12 13 14 |
---------------+-------------------------------------------+-----
Short Blades   | 1 2 3 4 5 6 8 |  8.0
Stealth        | 4 6 7 11 15 | 15.0
Spellcasting   | 3 6 7 9 10 | 10.0
Dodging        | 7 8 |  8.0
Fighting       | 6 8 |  8.0
Transmutations | 4 5 7 8 |  8.8
Fire Magic     | 4 5 7 8 |  8.7
Poison Magic   | 6 7 9 10 | 10.0

Action                     |  1- 3 |  4- 6 |  7- 9 | 10-12 | 13-15 || total
---------------------------+-------+-------+-------+-------+-------++-------
  Melee: Pair of quick bla |    42 |    74 |   210 |   266 |   160 ||   752
         Constrict         |     8 |    12 |    46 |    41 |     9 ||   116
         Tentacles         |     8 |     6 |    47 |    59 |    45 ||   165
         Punch             |       |       |     3 |     7 |     2 ||    12
   Cast: Olgreb's Toxic Ra |       |       |       |    16 |    55 ||    71
         Poisonous Vapours |       |       |       |    10 |    32 ||    42
         Ignite Poison     |       |       |       |     2 |    68 ||    70
         Mephitic Cloud    |       |       |       |       |     6 ||     6
         Passwall          |       |       |       |       |     2 ||     2
 Invoke: Call Merchant     |       |       |       |       |     2 ||     2
    Use: Scroll            |     3 |       |       |     1 |     2 ||     6
         Potion            |       |       |       |     1 |       ||     1
   Stab: Sleeping          |     5 |    12 |    19 |    37 |    15 ||    88
         Distracted        |     1 |       |     3 |       |     2 ||     6
 Armour: Skin              |     7 |     6 |    26 |    31 |    12 ||    82
  Dodge: Dodged            |    13 |    21 |    38 |   103 |    88 ||   263
